[Event "Titled Tuesday Blitz August 09 Early 2022"]
[White "Kilic, Eray"]
[Black "Khripachenko, Alexander"]
[WhiteFideId "44517173"]
[BlackFideId "54184975"]
[WhiteElo "1776"]
[BlackElo "2233"]
[Result "1-0"]
[Round "09"]
[TimeControl "180+1"]
[Date "2022.08.09"]
[WhiteClock "0:00:33"]
[BlackClock "0:00:39"]

1. e4 c6 2. Nc3 d5 3. Nf3 dxe4 4. Nxe4 Nf6 5. Nxf6+ exf6 6. d4 Bd6 7. Bd3 O-O 8. O-O Na6 9. Re1 Nc7 10. h3 Re8 11. Rxe8+ Qxe8 12. c4 Be6 13. Be3 Qd7 14. Qf1 Bf5 15. Rd1 Re8 16. a3 h6 17. b4 Be4 18. Bxe4 Rxe4 19. Qd3 f5 20. Ne5 Qe7 21. f3 Rxe3 22. Qxe3 f6 23. c5 Bxe5 24. dxe5 Nd5 25. Qe2 fxe5 26. Re1 Nf4 27. Qa2+ Kh7 28. Qc2 g6 29. Qd2 Qg5 30. Kh2 Nd5 31. Qxg5 hxg5 32. Rxe5 Kg7 33. Re8 b6 34. Ra8 1-0


[Site "https://www.chess.com"]

[Event "Titled Tuesday Blitz August 09 Early 2022"]
[White "Kiseljova, Marya"]
[Black "Miszler, Levente"]
[WhiteFideId "4155009"]
[BlackFideId "763276"]
[WhiteElo "1697"]
[BlackElo "1966"]
[Result "0-1"]
[Round "09"]
[TimeControl "180+1"]
[Date "2022.08.09"]
[WhiteClock "0:00:02"]
[BlackClock "0:00:51"]

1. d4 e6 2. c4 Nf6 3. g3 d5 4. Nf3 Be7 5. Bg2 O-O 6. O-O c6 7. Nbd2 Nbd7 8. Qc2 b6 9. e4 Bb7 10. e5 Ne8 11. cxd5 cxd5 12. Nb3 Rc8 13. Qd3 Nc7 14. Bd2 Ba6 15. Qe3 Bxf1 16. Bxf1 a5 17. a4 Nb8 18. Bd3 Nc6 19. Rc1 Nb4 20. Bb1 Ne8 21. Bxb4 Bxb4 22. Qd3 Rxc1+ 23. Nxc1 f5 24. exf6 Nxf6 25. Ng5 Qc7 26. Ne2 Qc4 27. Nxe6 Qxd3 28. Bxd3 Rc8 29. Kg2 h6 30. N2f4 Kf7 31. Bg6+ Kg8 32. h4 Bd2 33. Nd3 Ne4 34. Ne5 Nd6 35. Nf4 Bxf4 36. gxf4 Rc1 37. Kf3 Ra1 38. Nd3 Nc4 39. b3 Nd2+ 40. Ke3 Nxb3 41. Ne5 Rxa4 42. Nd7 Rb4 43. Bc2 a4 44. Ne5 Nxd4 0-1


[Site "https://www.chess.com"]

[Event "Titled Tuesday Blitz August 09 Early 2022"]
[White "Kostiukov, Alexandr"]
[Black "Chyzy, Jakub"]
[WhiteFideId "14108100"]
[BlackFideId "21806209"]
[WhiteElo "2202"]
[BlackElo "2023"]
[Result "0-1"]
[Round "09"]
[TimeControl "180+1"]
[Date "2022.08.09"]
[WhiteClock "0:00:29"]
[BlackClock "0:00:10"]

1. g3 Nf6 2. Bg2 e5 3. c4 d5 4. cxd5 Nxd5 5. Nf3 Nc6 6. O-O Be6 7. d4 e4 8. Ng5 Nf6 9. Nxe4 Qxd4 10. Nxf6+ Qxf6 11. Nc3 Be7 12. Qa4 O-O 13. Bf4 Bd6 14. Bxd6 cxd6 15. Bxc6 bxc6 16. Qxc6 d5 17. Nxd5 Qxb2 18. Nf4 Bxa2 19. h4 a5 20. Rac1 Qb4 21. Rc5 a4 22. Rg5 f6 23. Rb5 Qc4 24. Rc5 Qf7 25. Rd1 Ra7 26. Rd4 a3 27. Ra4 Bb3 28. Rxa7 Qxa7 29. Qc7 Qxc7 30. Rxc7 Ra8 31. Rc1 a2 32. Ra1 Bf7 33. Nd3 Rb8 34. Kg2 Rb1 0-1


[Site "https://www.chess.com"]

[Event "Titled Tuesday Blitz August 09 Early 2022"]
[White "Kravtsiv, Martyn"]
[Black "Samunenkov, Ihor"]
[WhiteFideId "14113147"]
[BlackFideId "14187086"]
[WhiteElo "2694"]
[BlackElo "2441"]
[Result "1-0"]
[Round "09"]
[TimeControl "180+1"]
[Date "2022.08.09"]
[WhiteClock "0:00:16"]
[BlackClock "0:00:07"]

1. e4 c6 2. Nf3 d5 3. d3 Qc7 4. Nc3 dxe4 5. Nxe4 Nf6 6. Qe2 Nbd7 7. g3 Nxe4 8. Qxe4 Nf6 9. Qe2 Bf5 10. Bg2 e6 11. O-O h6 12. b3 Be7 13. Bb2 O-O 14. Kh1 c5 15. Rae1 Nd5 16. Ne5 Rad8 17. f4 Bh7 18. Ng4 Bf5 19. Ne5 Bh7 20. a3 Bd6 21. Ng4 Ne7 22. Ne3 Nc6 23. Nc4 Nd4 24. Qf2 Be7 25. b4 b6 26. Ne5 Bf6 27. Ng4 Be7 28. h3 Bf5 29. Ne5 Bh7 30. Kh2 Bf6 31. Kh1 Be7 32. g4 Rfe8 33. g5 h5 34. Bxd4 Rxd4 35. c3 Rdd8 36. Qf3 g6 37. b5 Bd6 38. Nc6 Rc8 39. a4 Bf8 40. Qe3 Bg7 41. Ne5 Rcd8 42. Bc6 Re7 43. Rf2 Rc8 44. Rd2 Rd8 45. Red1 Kf8 46. d4 cxd4 47. Rxd4 Rxd4 48. Qxd4 Bxe5 49. Qxe5 Qxe5 50. fxe5 Kg7 51. h4 Bg8 52. Rd8 Rc7 53. Kh2 Bh7 54. Kg3 Bg8 55. Kf4 Bh7 56. Ke3 Bg8 57. Kd4 Bh7 58. c4 Bg8 59. c5 1-0


[Site "https://www.chess.com"]

[Event "Titled Tuesday Blitz August 09 Early 2022"]
[White "Krzywda, Andrzej"]
[Black "Kazancev, Valerij M"]
[WhiteFideId "1114565"]
[BlackFideId "4179609"]
[WhiteElo "2098"]
[BlackElo "2550"]
[Result "1-0"]
[Round "09"]
[TimeControl "180+1"]
[Date "2022.08.09"]
[WhiteClock "0:00:28"]
[BlackClock "0:00:08"]

1. e4 c5 2. Nc3 g6 3. d4 Bg7 4. dxc5 Bxc3+ 5. bxc3 Qa5 6. Ne2 Nc6 7. Be3 Nf6 8. f3 O-O 9. Qd2 Rd8 10. Nc1 d5 11. Nb3 Qa3 12. Be2 dxe4 13. Qc1 Qxc1+ 14. Rxc1 exf3 15. Bxf3 Ne5 16. Nd4 Nxf3+ 17. gxf3 Nd5 18. Bd2 e5 19. Nb5 Bd7 20. Nd6 Bc6 21. Kf2 f6 22. h4 b6 23. Ne4 f5 24. Ng5 bxc5 25. Ne6 Re8 26. Nxc5 h5 27. Rhg1 Kf7 28. Rce1 Nb6 29. Bg5 Nc4 30. Rd1 Rac8 31. Rd6 Ba4 32. Rf6+ Kg7 33. Ne6+ Kh7 34. Rf7+ Kg8 35. Rg7+ Kh8 36. Bf6 Rxe6 37. R7xg6+ Rxf6 38. Rxf6 Bxc2 39. Rh6# 1-0


[Site "https://www.chess.com"]

[Event "Titled Tuesday Blitz August 09 Early 2022"]
[White "Lagno, Kateryna"]
[Black "Vovk, Orest"]
[WhiteFideId "14109336"]
[BlackFideId "14113490"]
[WhiteElo "2522"]
[BlackElo "2203"]
[Result "0-1"]
[Round "09"]
[TimeControl "180+1"]
[Date "2022.08.09"]
[WhiteClock "0:00:15"]
[BlackClock "0:00:04"]

1. e4 g5 2. d4 h6 3. Nc3 Bg7 4. h4 g4 5. Qxg4 Bxd4 6. Nf3 Nf6 7. Qf4 Bxc3+ 8. bxc3 d6 9. Bd3 Nc6 10. Bb2 Ng4 11. c4 e5 12. Qd2 Be6 13. O-O-O Qd7 14. h5 Ne7 15. Kb1 Qa4 16. Qe2 a6 17. a3 Rb8 18. Nd2 b5 19. cxb5 axb5 20. c3 c5 21. Bc2 Qa7 22. Nb3 c4 23. Nc1 Nxf2 24. Rhf1 Nxd1 25. Rxd1 Qc5 26. Na2 Rg8 27. Qd2 Rg5 28. Nb4 Rd8 29. Bc1 Rxh5 30. Qe2 Rh4 31. Be3 Qc8 32. Qf2 Ng6 33. Qf6 Qd7 34. Nd5 Bxd5 35. exd5 Qe7 36. Qf5 e4 37. Bd4 Qg5 38. Qf2 Rg4 39. Bf6 Rxg2 40. Qf1 Qg3 41. Bxd8 Kxd8 42. Bxe4 Rf2 43. Qe1 Qh2 44. Kc1 Ra2 45. Rd2 Qxd2+ 46. Qxd2 Rxd2 47. Kxd2 Ne5 48. Ke3 Kc7 49. Kf4 Kb6 50. Kf5 Kc5 51. Kf6 h5 52. Kg5 Nd3 53. Kf6 Nf4 54. Kxf7 Nxd5 0-1


[Site "https://www.chess.com"]

[Event "Titled Tuesday Blitz August 09 Early 2022"]
[White "Legenia, Artem"]
[Black "Lakshmi C"]
[WhiteFideId "14136945"]
[BlackFideId "25035347"]
[WhiteElo "1936"]
[BlackElo "1775"]
[Result "1-0"]
[Round "09"]
[TimeControl "180+1"]
[Date "2022.08.09"]
[WhiteClock "0:00:09"]
[BlackClock "0:00:07"]

1. e4 c5 2. Nf3 Nc6 3. Bb5 g6 4. Bxc6 bxc6 5. O-O Bg7 6. Re1 d5 7. Nc3 e6 8. d3 Ne7 9. e5 Ba6 10. b3 c4 11. Ba3 cxd3 12. cxd3 O-O 13. Na4 Re8 14. Nc5 Bc8 15. Rb1 Nf5 16. b4 Rb8 17. Qa4 Qb6 18. Rec1 h6 19. g3 g5 20. Rc2 g4 21. Ne1 Bxe5 22. Nb3 Bd7 23. Nc5 Bc8 24. Nb3 Bb7 25. Nc5 Nd4 26. Rd2 Bc8 27. Rc1 Bf6 28. Nb3 Bg5 29. Nxd4 Qxd4 30. Rdc2 Bxc1 31. Rxc1 Bd7 32. Qc2 Qg7 33. Ng2 e5 34. Bb2 d4 35. a3 Rb5 36. Qb3 Rd5 37. Qc4 Kh8 38. Nh4 f5 39. a4 Qf7 40. a5 Rc8 41. Qc2 Be6 42. Qe2 Rb5 43. Ba3 Re8 44. f3 gxf3 45. Nxf3 Bd7 46. Re1 Rd5 47. Nd2 Qe7 48. Nc4 e4 49. b5 Qe6 50. dxe4 fxe4 51. bxc6 Bxc6 52. Nd2 e3 53. Nf3 Rdd8 54. Bb2 Qe4 55. Rf1 Kg8 56. Qc4+ Bd5 57. Qc7 d3 58. Qg7# 1-0


[Site "https://www.chess.com"]

[Event "Titled Tuesday Blitz August 09 Early 2022"]
[White "Livaic, Leon"]
[Black "Avinash, Ramesh"]
[WhiteFideId "14531534"]
[BlackFideId "45018340"]
[WhiteElo "2540"]
[BlackElo "1901"]
[Result "0-1"]
[Round "09"]
[TimeControl "180+1"]
[Date "2022.08.09"]
[WhiteClock "0:00:01"]
[BlackClock "0:00:55"]

1. d4 Nf6 2. c4 g6 3. Nc3 d5 4. Nf3 Bg7 5. h4 dxc4 6. e4 c5 7. d5 b5 8. h5 O-O 9. hxg6 fxg6 10. e5 Ng4 11. d6 e6 12. Rxh7 Rf5 13. Rxg7+ Kxg7 14. Nxb5 Nc6 15. Nc7 Rb8 16. Bxc4 Ncxe5 17. b3 Rb6 18. Bb2 Kh7 19. Nxe5 Nxe5 20. Nxe6 Bxe6 21. Bxe6 Rxd6 22. Bxf5 Rxd1+ 23. Rxd1 Qa5+ 24. Kf1 Qa6+ 25. Kg1 Nf3+ 26. gxf3 gxf5 27. Rd7+ Kg6 28. a4 Qe2 29. Bc3 Qxf3 30. Be5 Qxb3 31. Rxa7 Qd1+ 32. Kh2 Qe2 33. Bg3 f4 34. Bh4 Qg4 35. Ra6+ Kh5 36. Bd8 f3 37. Rd6 Qg2# 0-1


[Site "https://www.chess.com"]

[Event "Titled Tuesday Blitz August 09 Early 2022"]
[White "Locci, Damiano"]
[Black "parintele_chess"]
[WhiteFideId "819751"]
[WhiteElo "2337"]
[BlackElo "2213"]
[Result "0-1"]
[Round "09"]
[TimeControl "180+1"]
[Date "2022.08.09"]
[WhiteClock "0:01:10"]
[BlackClock "0:00:10"]

1. e4 e5 2. d4 exd4 3. Bc4 Nf6 4. Nf3 Nc6 5. e5 Ne4 6. Bd5 Nc5 7. O-O Ne6 8. Nbd2 Be7 9. Ne4 O-O 10. h4 Bxh4 11. g3 Be7 12. Kg2 d6 13. Rh1 dxe5 14. Qd3 f5 15. Qb3 fxe4 16. Bxe6+ Kh8 17. Nh4 Bxh4 18. Rxh4 Qf6 19. Bxc8 Qxf2+ 20. Kh3 Qf1+ 21. Kg4 Raxc8 22. Qe6 Rce8 23. Qd7 Re7 24. Bg5 Qf3+ 25. Kh3 Rxd7 26. Rg1 Rdf7 27. Rg4 h6 28. Bh4 e3 29. c3 e2 30. cxd4 Nxd4 31. Rg6 Qf5+ 32. Rg4 Qf1+ 33. Rg2 e1=Q 0-1


[Site "https://www.chess.com"]

[Event "Titled Tuesday Blitz August 09 Early 2022"]
[White "Machidon, Cristi"]
[Black "Mohammed, Dilshad"]
[WhiteFideId "13904590"]
[BlackFideId "5050421"]
[WhiteElo "2312"]
[BlackElo "2102"]
[Result "1-0"]
[Round "09"]
[TimeControl "180+1"]
[Date "2022.08.09"]
[WhiteClock "0:01:08"]
[BlackClock "0:01:23"]

1. d4 d5 2. c4 e6 3. Nc3 Nf6 4. cxd5 exd5 5. Bg5 c6 6. e3 Nbd7 7. Bd3 h6 8. Bh4 Be7 9. Nf3 Ne4 10. Bxe7 Qxe7 11. Bxe4 dxe4 12. Nd2 Nf6 13. Qb3 O-O 14. Qa3 Re8 15. Qxe7 Rxe7 16. h3 h5 17. Rb1 b5 18. Ke2 b4 19. Na4 Ba6+ 20. Kd1 Bd3 21. Rc1 Nd7 22. Nb3 Re6 23. Nac5 Nxc5 24. Nxc5 Rf6 25. f3 exf3 26. Nxd3 fxg2 27. Rg1 Rf3 28. Ke2 Rxh3 29. Nf4 Rh4 30. Rxg2 Re8 31. Kf3 Kf8 32. Rxc6 Rh1 33. Rcc2 Rf1+ 34. Rcf2 Re1 35. Re2 Rf1+ 36. Rgf2 Rg1 37. Nxh5 g5 38. Ng3 Kg7 39. Rf1 Rxf1+ 40. Nxf1 f5 41. Ng3 Kg6 42. Rc2 g4+ 43. Kf4 1-0


[Site "https://www.chess.com"]

[Event "Titled Tuesday Blitz August 09 Early 2022"]
[White "Madaminov, Mukhiddin"]
[Black "Kukreja, Sankalp"]
[WhiteFideId "14210703"]
[BlackFideId "45027676"]
[WhiteElo "2011"]
[BlackElo "2004"]
[Result "1-0"]
[Round "09"]
[TimeControl "180+1"]
[Date "2022.08.09"]
[WhiteClock "0:01:37"]
[BlackClock "0:01:31"]

1. d4 e5 2. dxe5 Nc6 3. Nf3 d6 4. Nc3 Bg4 5. Bg5 Qd7 6. exd6 Bxd6 7. Ne4 Nge7 8. Nxd6+ cxd6 9. e3 Ng6 10. h3 Bf5 11. Nh4 Nxh4 12. Bxh4 O-O 13. c3 Rfe8 14. Be2 Be4 15. O-O Ne5 16. Bg3 Rad8 17. Qd4 Qf5 18. Rad1 h5 19. Qxa7 Qg6 20. h4 Ng4 21. Qb6 Ra8 22. Rxd6 Qf5 23. f3 Ra6 24. Bxa6 1-0


[Site "https://www.chess.com"]

[Event "Titled Tuesday Blitz August 09 Early 2022"]
[White "Maksimenko, Viktor"]
[Black "Winterberg, Lukas"]
[WhiteFideId "13710478"]
[BlackFideId "24622702"]
[WhiteElo "2269"]
[BlackElo "2349"]
[Result "1-0"]
[Round "09"]
[TimeControl "180+1"]
[Date "2022.08.09"]
[WhiteClock "0:01:05"]
[BlackClock "0:00:11"]

1. d4 Nf6 2. c4 e6 3. Nf3 d5 4. g3 Be7 5. Bg2 O-O 6. Nc3 c6 7. O-O b6 8. b3 a5 9. Bb2 Ba6 10. Nd2 b5 11. c5 b4 12. Na4 Nbd7 13. Re1 Bb5 14. e4 dxe4 15. Nxe4 Nxe4 16. Bxe4 Nf6 17. Nb6 Rb8 18. Bc2 Nd5 19. Nc4 a4 20. Qd3 g6 21. bxa4 Ba6 22. Bb3 Bf6 23. Qf3 Bxc4 24. Bxc4 Bg7 25. Rad1 Qa5 26. Bb3 Rfd8 27. Rd3 Ne7 28. h4 Rd7 29. h5 Rbd8 30. Red1 Nf5 31. Qxc6 Bxd4 32. Kg2 Ne7 33. Qe4 e5 34. hxg6 hxg6 35. Qh4 Qxc5 36. Rh1 Kg7 37. Qh7+ Kf6 38. Qxf7+ Kg5 39. f4+ 1-0


[Site "https://www.chess.com"]

[Event "Titled Tuesday Blitz August 09 Early 2022"]
[White "Martin Alvarez, Inigo"]
[Black "Martin Barcelo, Carles"]
[WhiteFideId "2259354"]
[BlackFideId "24561444"]
[WhiteElo "2294"]
[BlackElo "1922"]
[Result "1-0"]
[Round "09"]
[TimeControl "180+1"]
[Date "2022.08.09"]
[WhiteClock "0:00:38"]
[BlackClock "0:00:12"]

1. e4 d5 2. exd5 Qxd5 3. Nc3 Qd8 4. g3 Nf6 5. Bg2 c6 6. Nf3 Bf5 7. O-O e6 8. Re1 Be7 9. Nh4 Bg4 10. f3 Bh5 11. Bf1 O-O 12. Ng2 Nd5 13. Ne4 Nd7 14. d4 N5f6 15. Nf4 Bg6 16. Nxg6 hxg6 17. Bg2 Qa5 18. c3 Rad8 19. Qb3 Qb6 20. Qc2 c5 21. Be3 cxd4 22. Bxd4 Qc7 23. Rad1 Nxe4 24. Rxe4 Bc5 25. Bxc5 Nxc5 26. Red4 e5 27. Rd5 Ne6 28. Kh1 Rxd5 29. Rxd5 Rd8 30. Qd2 b6 31. Bh3 f5 32. Bf1 Kf7 33. Bb5 Rxd5 34. Qxd5 Qd8 35. Qb7+ Qe7 36. Qa6 Qc5 37. Qxa7+ Kf6 38. Be8 Qf2 39. Qf7+ Kg5 40. Qxg6# 1-0


[Site "https://www.chess.com"]

[Event "Titled Tuesday Blitz August 09 Early 2022"]
[White "Mathieu, Phileas"]
[Black "Wieczorek, Oskar"]
[WhiteFideId "36048410"]
[BlackFideId "1133950"]
[WhiteElo "2138"]
[BlackElo "2302"]
[Result "1-0"]
[Round "09"]
[TimeControl "180+1"]
[Date "2022.08.09"]
[WhiteClock "0:00:04"]
[BlackClock "0:00:05"]

1. e4 c5 2. Nc3 e6 3. Nge2 Nf6 4. e5 Ng4 5. f4 d6 6. h3 Nh6 7. exd6 Nc6 8. d3 Bxd6 9. g3 O-O 10. Bg2 Nf5 11. O-O Ncd4 12. Ne4 Be7 13. c3 Nxe2+ 14. Qxe2 Bd7 15. Be3 Nxe3 16. Qxe3 Bc6 17. Nxc5 Bxg2 18. Kxg2 Qd5+ 19. Ne4 f5 20. Rfd1 Qc6 21. Qf3 fxe4 22. Qxe4 Qxe4+ 23. dxe4 Rfd8 24. Kf3 Kf7 25. e5 Bc5 26. Ke4 Ke7 27. b4 Bf2 28. Kf3 Bb6 29. c4 Bd4 30. Rab1 Rac8 31. Rbc1 b6 32. Ke4 Bb2 33. Rxd8 Rxd8 34. Rc2 Ba3 35. b5 Bc5 36. Kf3 Rd3+ 37. Kg4 Kf7 38. h4 g6 39. Kh3 h5 40. Kg2 Ke7 41. Kh3 Be3 42. Kg2 Rd2+ 43. Rxd2 Bxd2 44. a4 Kd7 45. Kf3 Be1 46. Kg2 Kc7 47. Kh3 Kb7 48. Kg2 a6 49. Kh3 a5 50. Kg2 Kc7 51. Kf3 Kd7 52. Kg2 Ke7 53. Kf3 Kf7 54. Kg2 g5 55. hxg5 Kg6 56. Kf3 Kf5 57. c5 bxc5 58. b6 c4 59. b7 1-0


[Site "https://www.chess.com"]

[Event "Titled Tuesday Blitz August 09 Early 2022"]
[White "Matveeva, Olga"]
[Black "Degardin, Sylvain"]
[WhiteFideId "24107018"]
[BlackFideId "20623070"]
[WhiteElo "2052"]
[BlackElo "2146"]
[Result "1-0"]
[Round "09"]
[TimeControl "180+1"]
[Date "2022.08.09"]
[WhiteClock "0:00:08"]
[BlackClock "0:00:12"]

1. d4 e6 2. c4 c5 3. d5 exd5 4. cxd5 b5 5. e4 a6 6. a4 b4 7. Nd2 g6 8. Ngf3 Bg7 9. Bd3 d6 10. O-O Ne7 11. Nc4 Bg4 12. Bf4 Nc8 13. h3 Bxf3 14. Qxf3 O-O 15. Rfe1 Re8 16. Rad1 Nd7 17. Nxd6 Nxd6 18. Bxd6 Ne5 19. Bxe5 Bxe5 20. b3 Ra7 21. Bc4 Qd6 22. g3 h5 23. Kg2 Kg7 24. Qd3 a5 25. f4 Bc3 26. e5 Qb8 27. Re2 h4 28. g4 f6 29. d6 fxe5 30. d7 Rd8 31. fxe5 Bxe5 32. Qe4 Bf6 33. Qe6 Qg3+ 34. Kh1 Qxh3+ 35. Kg1 Qg3+ 36. Rg2 Qe5 37. Qf7+ Kh8 38. Qxg6 Qe3+ 39. Rf2 Qg3+ 40. Kf1 Bd4 41. Qh6# 1-0


[Site "https://www.chess.com"]

[Event "Titled Tuesday Blitz August 09 Early 2022"]
[White "Molina, Roberto Junio Brito"]
[Black "Shimanov, Aleksandr"]
[WhiteFideId "2109450"]
[BlackFideId "4198603"]
[WhiteElo "2403"]
[BlackElo "2605"]
[Result "0-1"]
[Round "09"]
[TimeControl "180+1"]
[Date "2022.08.09"]
[WhiteClock "0:01:17"]
[BlackClock "0:01:39"]

1. d4 Nf6 2. Nf3 d6 3. c4 g6 4. Nc3 Bg7 5. e4 O-O 6. Be2 e5 7. O-O h6 8. Re1 a5 9. d5 Na6 10. h3 Nc5 11. Qc2 Nh7 12. Be3 b6 13. a3 a4 14. Bxc5 bxc5 15. Nxa4 f5 16. Nc3 Nf6 17. Nd2 f4 18. b4 g5 19. Nb3 h5 20. bxc5 g4 21. h4 g3 22. cxd6 cxd6 23. c5 Ng4 24. Bxg4 Bxg4 25. f3 Qxh4 26. fxg4 hxg4 27. Nd2 Qh2+ 28. Kf1 f3 29. Rec1 Qh1# 0-1


[Site "https://www.chess.com"]

[Event "Titled Tuesday Blitz August 09 Early 2022"]
[White "Mouhamad, Joachim"]
[Black "Golding, Alex"]
[WhiteFideId "656410"]
[BlackFideId "427241"]
[WhiteElo "2147"]
[BlackElo "2029"]
[Result "1/2-1/2"]
[Round "09"]
[TimeControl "180+1"]
[Date "2022.08.09"]
[WhiteClock "0:00:08"]
[BlackClock "0:00:44"]

1. e4 e5 2. Nf3 Nc6 3. Bc4 Be7 4. O-O Nf6 5. Re1 O-O 6. d3 Kh8 7. h3 Ne8 8. Nbd2 d6 9. Nf1 g6 10. d4 Bf6 11. dxe5 dxe5 12. Qxd8 Nxd8 13. Bh6 Rg8 14. Bg5 Kg7 15. Rad1 Nd6 16. Bb3 Bxg5 17. Nxg5 h6 18. Nf3 Kf6 19. Ne3 Be6 20. Nd5+ Bxd5 21. Bxd5 Ne6 22. g3 Rgd8 23. c3 a5 24. Kg2 Nc5 25. Nxe5 Kxe5 26. f4+ Kf6 27. e5+ Kg7 28. exd6 Rxd6 29. Bf3 Rxd1 30. Rxd1 Kf6 31. Kf2 c6 32. Rd2 Re8 33. b4 axb4 34. cxb4 Ne4+ 35. Bxe4 Rxe4 36. a3 Ke6 37. Rd8 Rc4 38. Rb8 b5 39. Ra8 Rc3 40. Ra6 h5 41. a4 bxa4 42. Rxa4 Kd5 43. Ra5+ Kd4 44. Ra7 h4 45. gxh4 f5 46. Rg7 Ke4 47. Rxg6 Kxf4 48. h5 Rxh3 49. h6 Rh2+ 50. Kg1 Rh4 51. Kg2 Ke5 52. Rxc6 Rxb4 53. h7 Rh4 54. Rc7 Kf6 55. Kg3 Rh5 56. Kf3 Ke6 57. Kf4 Kf6 58. Rc6+ Kg7 59. Rc7+ Kh8 60. Ra7 Rxh7 61. Rxh7+ Kxh7 62. Kxf5 1/2-1/2


[Site "https://www.chess.com"]

[Event "Titled Tuesday Blitz August 09 Early 2022"]
[White "Najdin, Danil"]
[Black "Rostomyan, Mikayel"]
[WhiteFideId "4172426"]
[BlackFideId "13313754"]
[WhiteElo "2240"]
[BlackElo "1426"]
[Result "1-0"]
[Round "09"]
[TimeControl "180+1"]
[Date "2022.08.09"]
[WhiteClock "0:00:25"]
[BlackClock "0:00:13"]

1. Nf3 d5 2. d4 Bf5 3. c4 e6 4. Qb3 Nc6 5. Qxb7 Nb4 6. Na3 Rb8 7. Qxa7 Ra8 8. Qb7 Rxa3 9. bxa3 Nc2+ 10. Kd1 Nxa1 11. Ne5 Bd6 12. Nc6 Bc2+ 13. Ke1 Nf6 14. Nxd8 O-O 15. Nc6 dxc4 16. f3 Ba4 17. Bb2 Nc2+ 18. Kf2 Bf4 19. e4 Be3+ 20. Kg3 Nh5+ 21. Kh4 f5 22. Bxc4 Kf7 23. Qxc7+ Kg6 24. Bxe6 Kh6 25. Bxf5 g5+ 26. Kg4 Bf4 27. Qxh7# 1-0


[Site "https://www.chess.com"]

[Event "Titled Tuesday Blitz August 09 Early 2022"]
[White "Namitbir Singh Walia"]
[Black "Solon, Nathan"]
[WhiteFideId "35071068"]
[BlackFideId "2017229"]
[WhiteElo "1664"]
[BlackElo "2633"]
[Result "1-0"]
[Round "09"]
[TimeControl "180+1"]
[Date "2022.08.09"]
[WhiteClock "0:02:20"]
[BlackClock "0:02:10"]

1. d4 d5 2. c4 e6 3. Nf3 Nf6 4. g3 dxc4 5. Bg2 c5 6. O-O Nc6 7. dxc5 Qxd1 8. Rxd1 Bxc5 9. Nbd2 c3 10. bxc3 O-O 11. Nc4 Nd5 12. Bd2 b5 13. Nce5 Bb7 14. Nd7 1-0


[Site "https://www.chess.com"]

[Event "Titled Tuesday Blitz August 09 Early 2022"]
[White "Nasir, Zehn"]
[Black "Kuznetsova, Olga"]
[WhiteFideId "2613239"]
[BlackFideId "4191323"]
[WhiteElo "1993"]
[BlackElo "2134"]
[Result "1-0"]
[Round "09"]
[TimeControl "180+1"]
[Date "2022.08.09"]
[WhiteClock "0:00:06"]
[BlackClock "0:00:10"]

1. d4 Nf6 2. Bf4 e6 3. e3 c5 4. c3 d5 5. Nd2 Bd6 6. Bg3 O-O 7. Bd3 Qc7 8. f4 cxd4 9. cxd4 Nc6 10. Ngf3 Bd7 11. O-O Rac8 12. Ne5 Be8 13. Bh4 Nd7 14. Rf3 f5 15. Rc1 Bh5 16. a3 Ndxe5 17. fxe5 Be7 18. Bf2 Qb6 19. b4 a5 20. b5 Na7 21. Ra1 Rc3 22. Nb1 Rc7 23. a4 Bxf3 24. gxf3 Rfc8 25. Nd2 Ba3 26. Qe2 Rc1+ 27. Rxc1 Rxc1+ 28. Kg2 Qd8 29. h4 Nc8 30. e4 dxe4 31. fxe4 f4 32. Qg4 Qe8 33. Bc4 f3+ 34. Kxf3 Nb6 35. Bxe6+ Kh8 36. d5 Bb4 37. Be3 Rc3 38. Ke2 Nxa4 39. d6 Nc5 40. Bf5 g6 41. d7 Qd8 42. Be6 Nxe6 43. Qxe6 Rc7 44. Bg5 Qxd7 45. Bf6+ Qg7 46. Qe8+ Bf8 47. Qxf8# 1-0


[Site "https://www.chess.com"]

[Event "Titled Tuesday Blitz August 09 Early 2022"]
[White "Navarrete Mendez, Gonzalo Alberto"]
[Black "Martinez, Shawn"]
[WhiteFideId "5106850"]
[BlackFideId "2039770"]
[WhiteElo "2261"]
[BlackElo "2174"]
[Result "0-1"]
[Round "09"]
[TimeControl "180+1"]
[Date "2022.08.09"]
[WhiteClock "0:00:07"]
[BlackClock "0:00:04"]

1. e4 c5 2. Nf3 e6 3. Nc3 a6 4. d4 cxd4 5. Nxd4 Bb4 6. Bd3 d6 7. O-O Nf6 8. Kh1 Bxc3 9. bxc3 e5 10. Ne2 O-O 11. f4 Nbd7 12. f5 d5 13. exd5 e4 14. Bc4 Nb6 15. Bb3 Nbxd5 16. Bg5 h6 17. Bc1 b5 18. Qe1 Bb7 19. Qg3 Kh7 20. Ba3 Re8 21. Rad1 Qa5 22. Bc1 Rac8 23. Qh4 e3 24. Rd3 Re4 25. Qe1 Rce8 26. Ng3 Rg4 27. h3 Rg5 28. Ne2 Qc7 29. Rf3 Nb6 30. Rg3 Ne4 31. Rxg5 Nf2+ 32. Kg1 hxg5 33. Rxe3 Rxe3 34. Bxe3 Ne4 35. Qf1 Nc4 36. Qf3 Nxe3 37. Qxe3 a5 38. a4 b4 39. cxb4 axb4 40. Nd4 Qc5 41. Kf1 Ba6+ 42. Ke1 Qe5 43. Bxf7 Kh6 44. Bg6 Bc4 45. Nf3 Qa1+ 46. Qc1 Qxc1# 0-1


[Site "https://www.chess.com"]

[Event "Titled Tuesday Blitz August 09 Early 2022"]
[White "Nemurov, Aleksandr"]
[Black "Williams, Simon K"]
[WhiteFideId "4194187"]
[BlackFideId "404454"]
[WhiteElo "2190"]
[BlackElo "2468"]
[Result "0-1"]
[Round "09"]
[TimeControl "180+1"]
[Date "2022.08.09"]
[WhiteClock "0:01:08"]
[BlackClock "0:00:48"]

1. d4 e6 2. c4 f5 3. g3 Nf6 4. Bg2 Be7 5. Nf3 O-O 6. O-O d6 7. Nc3 a5 8. Qc2 Nc6 9. e4 Nb4 10. Qe2 fxe4 11. Nxe4 Nxe4 12. Qxe4 e5 13. Qe2 Bf5 14. dxe5 Bd3 15. Qd1 Bxf1 16. Qxf1 dxe5 17. Nxe5 Bc5 18. Nf3 Nc2 19. Rb1 Nd4 20. Ne5 c6 21. Be3 Ne6 22. Bxc5 Nxc5 23. Rd1 Qf6 24. Nd3 Nxd3 25. Rxd3 Rad8 26. Rf3 Qxb2 27. Rb3 Qc2 28. Rb1 Rd2 29. Qe1 Rdxf2 30. Qe6+ Kh8 31. Be4 Qe2 0-1


[Site "https://www.chess.com"]

[Event "Titled Tuesday Blitz August 09 Early 2022"]
[White "Niyazgulova, Marina"]
[Black "Bressac, Stephane"]
[WhiteFideId "24142573"]
[BlackFideId "655945"]
[WhiteElo "1986"]
[BlackElo "2339"]
[Result "1-0"]
[Round "09"]
[TimeControl "180+1"]
[Date "2022.08.09"]
[WhiteClock "0:00:11"]
[BlackClock "0:00:10"]

1. d4 d6 2. Nf3 Nf6 3. c4 Nbd7 4. Nc3 g6 5. e4 e5 6. Be2 Bg7 7. O-O O-O 8. Be3 Qe7 9. dxe5 dxe5 10. Nd5 Qd8 11. Qc2 c6 12. Nxf6+ Qxf6 13. Rad1 Qe7 14. c5 h6 15. b4 f5 16. Bc4+ Kh8 17. Rd6 f4 18. Bc1 g5 19. Bb2 g4 20. Re6 Qd8 21. Nxe5 Nxe5 22. Rxe5 Bxe5 23. Bxe5+ Kh7 24. Rd1 Qg5 25. Qc3 f3 26. g3 Qg6 27. Qe3 Re8 28. Rd6 Be6 29. Bxe6 Rxe6 30. Rd7+ Kg8 31. Qd4 Rae8 32. Qc4 Kf8 33. Bd6+ Kg8 34. Be5 h5 35. h3 h4 36. hxg4 hxg3 37. fxg3 Qxg4 38. Rg7+ Qxg7 39. Bxg7 Kxg7 40. Qd4+ Kg6 41. Kf2 Rxe4 42. Qd3 Kg5 43. Kxf3 R4e6 44. Qd2+ Kg6 45. Qd3+ Kg7 46. g4 Rf8+ 47. Kg3 Rfe8 48. Qd4+ Kf7 49. Kf4 Rf6+ 50. Kg3 Re7 51. g5 Rfe6 52. Kf4 Kg6 53. Qd3+ Kg7 54. Qd4+ Kf7 55. Qd3 Re1 56. Qh7+ Ke8 57. Qg8+ Kd7 58. Qc4 Kc7 59. g6 Rg1 60. Kf5 b5 61. Qf4+ Kb7 62. Kf6 Rd7 63. Qf5 Rgd1 64. g7 Rd8 65. Kf7 R1d7+ 66. Kg6 Rc7 67. Kh7 Rdd7 68. Qf6 a5 69. Kh8 Rxg7 70. Qxg7 Rxg7 71. Kxg7 axb4 72. Kf6 Kc7 73. Ke7 Kc8 74. Kd6 Kb7 75. Kd7 Ka6 76. Kxc6 Ka5 77. Kb7 b3 78. axb3 Kb4 79. c6 Kxb3 80. c7 b4 81. c8=Q Ka2 82. Qa8+ Kb2 83. Qh8+ Kc2 84. Qh7+ Kc3 85. Qg7+ Kc2 86. Qg6+ Kc3 87. Qf6+ Kc2 88. Qf5+ Kc3 89. Qc5+ Kb3 90. Ka6 Ka4 91. Kb6 b3 92. Qb5+ Ka3 93. Qa5+ Kb2 94. Kc5 Kc2 95. Qa4 Kc3 96. Qa3 Kc2 97. Kc4 b2 98. Qa2 Kc1 99. Qa3 Kc2 100. Qc3+ Kb1 101. Kb3 Ka1 102. Qxb2# 1-0


[Site "https://www.chess.com"]